 Dungeon Crawl Stone Soup version 0.30.1-11-g7821555f0a (webtiles) character file.

Game seed: 7045602561264486345

489 Anandil the Trooper (level 6, -3/47 (50) HPs)
             Began as a Demonspawn Fighter on Nov 3, 2023.
             Slain by a wight
             ... wielding a +3 trident
              (5 damage)
             ... on level 7 of the Dungeon.
             The game lasted 00:06:59 (2451 turns).

Anandil the Trooper (Demonspawn Fighter)            Turns: 2451, Time: 00:07:00

HP:   -3/47 (50)    AC: 11    Str: 17    XL:     6   Next: 90%
MP:   6/6           EV:  9    Int:  9    God:
Gold: 116           SH:  5    Dex: 14    Spells: 5/5 levels left

rFire   + . .        h - +2 long sword (heavy)
rCold   + . .        c - +0 buckler
rNeg    . . .        b - +0 scale mail
rPois   .            (no helmet)
rElec   .            f - scarf {rC+ rF+}
rCorr   +            (no gloves)
SInv    .            (no boots)
Will    .....        (no amulet) Stlth
                     k - +4 ring of protection
HPRegen 0.27/turn    j - ring of resist corrosion
MPRegen 0.10/turn

%: no passive effects
@: drained
A: powered by death 1, weakness stinger 2
a: no special abilities


You were on level 7 of the Dungeon.
You visited 1 branch of the dungeon, and saw 6 of its levels.

You collected 116 gold pieces.

Inventory:

Hand Weapons
 a - a +0 long sword
 h - a +2 heavy long sword (weapon)
Missiles
 p - 3 poisoned darts (quivered)
Armour
 b - a +0 scale mail (worn)
 c - a +0 buckler (worn)
 f - a scarf of resistance (worn)
Jewellery
 j - a ring of resist corrosion (right hand)
 k - a +4 ring of protection (left hand)
 l - a ring of ice
Scrolls
 d - 3 scrolls of vulnerability {unknown}
 e - a scroll of enchant armour {unknown}
 g - a scroll of identify {unknown}
 m - a scroll of teleportation {unknown}
 n - a scroll of fog {unknown}
 o - a scroll of poison {unknown}
Potions
 i - a potion of magic {unknown}


   Skills:
 + Level 4.8 Fighting
 + Level 3.7 Long Blades
 + Level 4.3 Armour
 - Level 4.0 Shields


You had 5 spell levels left.
You didn't know any spells.
Your spell library was empty.

Dungeon Overview and Level Annotations

Branches:
Dungeon (7/15)
 Temple: D:4-7

Altars:
Wu Jian

Shops:
D:3 [


Innate Abilities, Weirdness & Mutations

You regenerate a little health from kills.
You have a tail ending in a sharp stinger.


Message History

You kill the orc!
Things that are here:
a +0 flail; a +0 scale mail You open the door.
Found a twisted jewelled staff.
Found a stone staircase leading up.
There is an open door here.
You see here a staff of fire.
There is a stone staircase leading up here.
You climb upwards.
There is a stone staircase leading down here.
Found a runed long sword.
You see here a +2 heavy long sword.
h - a +2 heavy long sword
h - a +2 heavy long sword (weapon)
4 wights come into view.
A wight is wielding a +3 halberd of freezing.
Press: ? - help, v - describe, . - travel
Here: a wight, wielding a +3 trident and wearing a +0 robe The floor.
Press: ? - help, v - describe, . - travel
Here: a wight, wielding a +3 halberd of freezing and wearing a +0 robe The floor.
A wight opens the large door.
There is a stone staircase leading down here.
The wight closely misses you.
There is a stone staircase leading down here.
You can't go up here!
Unknown command.
The wight hits you with a +3 trident.
The wight hits you from afar with a +3 halberd of freezing.
You climb downwards.
There is a stone staircase leading up here.
You barely miss the wight. The wight hits you with a +3 trident!
You feel drained. The wight hits you with a +3 trident!
* * * LOW HITPOINT WARNING * * *
You closely miss the wight. The wight hits you with a +3 trident!
* * * LOW HITPOINT WARNING * * *
You feel drained.
You die...

...# ..# ..####### .........
#........ ####........
#..'........ #.##z.......
#.##@.......
###########.##########
..>......##.# .......#.##.#
###########
.........##.#########..........
.......).......................
##+#...###..#.#######..........
.....#. #.##.# #.......... ....
#. #..... ######...#.


You could see a wight.

Vanquished Creatures
  Sigmund (D:3)
  An ice beast (D:3)
  A scorpion (D:4)
  A hound (D:7)
  4 gnolls (D:3)
  3 adders
  A worm (D:2)
  3 dart slugs
  5 orcs
  6 ball pythons
  11 bats
  6 endoplasms
  2 giant cockroaches
  7 hobgoblins
  2 jackals (D:2)
  4 quokkas
  3 frilled lizards
  6 goblins
  15 kobolds
  A rat (D:1)
83 creatures vanquished.

Notes
Turn   | Place    | Note
-------+----------+-------------------------------------------
     0 | D:1      | Anandil the Demonspawn Fighter began the quest for the Orb.
     0 | D:1      | Reached XP level 1. HP: 18/18 MP: 1/1
    77 | D:1      | Gained mutation: You have a small tail. [demonic ancestry]
    77 | D:1      | Reached XP level 2. HP: 21/24 MP: 2/2
   417 | D:1      | Reached XP level 3. HP: 29/29 MP: 3/3
  1000 | D:2      | Gained mutation: You have a tail ending in a sharp stinger.
                  | [demonic ancestry]
  1000 | D:2      | Reached XP level 4. HP: 6/35 MP: 4/4
  1307 | D:2      | Found an ornate altar of the Wu Jian Council.
  1357 | D:3      | Found a faded altar of an unknown god.
  1361 | D:3      | Noticed an ice beast
  1389 | D:3      | Killed an ice beast
  1390 | D:3      | Gained mutation: You regenerate a little health from kills.
                  | [demonic ancestry]
  1390 | D:3      | Reached XP level 5. HP: 34/42 MP: 5/5
  1505 | D:3      | Found Viwu's Antique Armour Emporium.
  1588 | D:3      | Noticed Sigmund
  1614 | D:3      | Killed Sigmund
  1615 | D:3      | Reached XP level 6. HP: 24/48 MP: 6/6
  2298 | D:4      | You fall into a shaft and drop 3 floors!
  2301 | D:6      | Noticed a sky beast
  2451 | D:7      | HP: 2/48 [wight/+3 trident (11)]
  2451 | D:7      | Slain by a wight

Illustrated notes

Levels and vault maps discovered:
D:1:      scummos_arrival_star, layout_rooms, chequers_serial_rivers_micro_d,
          minmay_ruptured
D:2:      layout_basic, basic_altar
D:3:      layout_loops_ring, serial_shops, nicolae_lakefront_shop,
          hellmonk_ecumenical_altar_blasted, uniq_sigmund
D:4:      layout_basic
D:6:      layout_basic, mainiacjoe_overflow_catch_the_wave
D:7:      layout_basic, temple_green, solitary_fountain, kennysheep_boxes

Skill      XL: |  1  2  3  4  5  6 |
---------------+-------------------+-----
Long Blades    | 2 3 |  3.7
Shields        | 3 4 |  4.0
Armour         | 3 4 |  4.3
Fighting       | 4 |  4.8

Action                     |  1- 3 |  4- 6 || total
---------------------------+-------+-------++-------
  Melee: Long sword        |   138 |   143 ||   281
         Tailslap          |    12 |    10 ||    22
    Use: Potion            |     3 |     1 ||     4
         Scroll            |       |     1 ||     1
 Armour: Scale mail        |    92 |    67 ||   159
  Dodge: Dodged            |    79 |    67 ||   146
  Block: Buckler           |    37 |    22 ||    59
